 Dungeon Crawl Stone Soup version 0.30.1-11-g7821555f0a (webtiles) character file.

Game seed: 9458125326722781840

69888 Woods the Martial Artist (level 15, -3/140 HPs)
             Began as a Gnoll Transmuter on Nov 4, 2023.
             Was the Champion of Cheibriados.
             Slain by an anaconda (9 damage)
             ... on level 1 of the Snake Pit.
             The game lasted 00:53:35 (24705 turns).

Woods the Martial Artist (Gnoll Transmuter)        Turns: 24705, Time: 00:53:35

Health: -3/140     AC: 13    Str: 25    XL:     15   Next: 31%
Magic:  29/30      EV: 18    Int: 33    God:    Cheibriados [******]
Gold:   1868       SH:  5    Dex: 29    Spells: 27/37 levels left

rFire   x .          .
                       - Unarmed
rCold   + + +        (shield currently unavailable)
rNeg    . . .        D - melded +2 robe of Bespelled Life {rN++}
rPois   +            S - melded +0 hat {Will+}
rElec   .            j - melded +0 cloak
rCorr   .            (gloves currently unavailable)
SInv    .            w - melded +0 pair of boots
Will    +....        o - amulet of reflection
Stlth   +++++        d - ring of wizardry
HPRegen 0.43/turn    J - ring of wizardry
MPRegen 0.22/turn

%: reflection, wizardry (x2)
@: ice-form, constricted, very slow
A: freezing attack, amphibious, boosted hp, large, (fangs 1), strong nose,
distributed training
a: End Transformation, Renounce Religion, Bend Time, Temporal Distortion,
Slouch, Step From Time


You were on level 1 of the Snake Pit.
You worshipped Cheibriados.
Cheibriados was exalted by your worship.
You were a creature of crystalline ice.
You visited 5 branches of the dungeon, and saw 19 of its levels.
You also visited: Sewer and Ossuary.

You collected 1940 gold pieces.
You spent 72 gold pieces at shops.

Inventory:

Armour
 j - a +0 cloak (melded)
 w - a +0 pair of boots (melded)
 D - the +2 robe of Bespelled Life (melded) {rN++}
   (You found it on level 6 of the Dungeon)

   rN:        It greatly protects you from negative energy.
 K - a +2 helmet
 P - a +0 troll leather armour
 S - a +0 hat of willpower (melded)
Jewellery
 d - a ring of wizardry (left front paw)
 o - an amulet of reflection (around neck)
 q - a ring of see invisible
 A - the ring of the Original Sin {*Corrode rElec Str+6 Int+3}
   (You found it in a sewer)

   [ring of strength]

   Str:       It affects your strength (+6).
   Int:       It affects your intelligence (+3).
   rElec:     It insulates you from electricity.
   *Corrode:  It may corrode you when you take damage.
 I - an amulet of faith
 J - a ring of wizardry (right front paw)
 L - a ring of wizardry
Wands
 c - a wand of digging (8)
 p - a wand of charming (12)
 v - a wand of iceblast (16)
 B - a wand of polymorph (12)
 N - a wand of mindburst (10)
Scrolls
 h - 6 scrolls of vulnerability
 i - a scroll of blinking
 k - 4 scrolls of fog
 l - 2 scrolls of immolation {unknown}
 m - 2 scrolls of poison {unknown}
 t - 6 scrolls of amnesia
 y - 3 scrolls of teleportation
 z - 4 scrolls of enchant weapon
 F - a scroll of identify
 G - 2 scrolls of magic mapping
 M - a scroll of silence {unknown}
 O - a scroll of enchant armour {unknown}
 Q - 2 scrolls of butterflies {unknown}
 U - a scroll of torment {unknown}
 V - a scroll of brand weapon {unknown}
Potions
 a - 2 potions of heal wounds {unknown}
 b - 3 potions of lignification (quivered)
 e - 6 potions of flight
 f - 6 potions of attraction
 g - 11 potions of curing
 n - a potion of cancellation {unknown}
 r - 5 potions of magic
 s - 3 potions of might
 u - 5 potions of brilliance
 x - 4 potions of resistance
 C - 3 potions of berserk rage
 E - a potion of haste
 H - 3 potions of mutation
 T - 2 potions of ambrosia {unknown}


   Skills:
 + Level 10.7 Fighting
 + Level 10.3 Short Blades
 + Level 10.3 Long Blades
 + Level 10.3 Axes
 + Level 10.3 Maces & Flails
 + Level 10.3 Polearms
 + Level 10.3 Staves
 + Level 10.3 Ranged Weapons
 + Level 10.3 Throwing
 + Level 10.3 Armour
 + Level 11.3 Dodging
 + Level 10.3 Stealth
 + Level 10.3 Shields
 + Level 12.2 Unarmed Combat
 + Level 11.5 Spellcasting
 + Level 8.7 Conjurations
 + Level 8.7 Hexes
 + Level 8.7 Summonings
 + Level 8.7 Necromancy
 + Level 8.7 Translocations
 + Level 9.5 Transmutations
 + Level 8.7 Fire Magic
 + Level 8.7 Ice Magic
 + Level 8.7 Air Magic
 + Level 8.7 Earth Magic
 + Level 8.7 Poison Magic
 + Level 11.2 Invocations
 + Level 10.3 Evocations


You had 27 spell levels left.
You knew the following spells:

 Your Spells              Type           Power      Damage    Failure   Level
a - Beastly Appendage     Tmut           100%       N/A       1%          1
b - Wereblood             Tmut           70%        N/A       1%          2
c - Spider Form           Tmut/Pois      68%        N/A       1%          3
d - Ice Form              Ice/Tmut       68%        N/A       1%          4

Your spell library contained the following spells:

 Spells                   Type           Power      Damage    Failure   Level
 Blink                    Tloc           100%       N/A       1%          2
 Lesser Beckoning         Tloc           100%       N/A       1%          2
 Momentum Strike          Conj/Tloc      100%       3d10      1%          2
 Gell's Gravitas          Tloc           66%        N/A       1%          3
 Inner Flame              Hex/Fire       66%        N/A       1%          3
 Portal Projectile        Hex/Tloc       100%       N/A       1%          3
 Teleport Other           Tloc           66%        N/A       1%          3
 Tukima's Dance           Hex            66%        N/A       1%          3
 Blade Hands              Tmut           35%        N/A       1%          5
 Yara's Violent Unravell  Hex/Tmut       34%        3d14      1%          5
 Enfeeble                 Hex            33%        N/A       16%         7


Dungeon Overview and Level Annotations

Branches:
Dungeon (10/15)            Temple (1/1) D:4            Lair (5/5) D:8
 Shoals (0/4) Lair:2        Snake (1/4) Lair:3          Orc (2/2) D:9
    Elf (0/3) Orc:2         Sewer (visited)         Ossuary (visited)
  Slime: Lair:4-5

Altars:
Ashenzari
Cheibriados
Dithmenos
Elyvilon
Fedhas
Gozag
Hepliaklqana
Kikubaaqudgha
Makhleb
Nemelex Xobeh
Okawaru
Qazlal
Ru
Sif Muna
Trog
Uskayaw
Vehumet
Wu Jian
Xom
Yredelemnul
Zin
The Shining One
Jiyva

Shops:
D:1 =   D:7 *   D:9 *   Orc:2 ([*(

Annotations:
Lair:1 exclusions: fire crab and skyshark
Lair:3 2 runed translucent doors, Woods's ghost, journeyman DjCj
Lair:5 2 transporters, exclusions: 4 oklob plants and spriggan, pkoi's ghost, journeyman DrMo
Snake:1 Jorgrun
Orc:2 2 runed translucent doors, exclusion: orange crystal statue


Innate Abilities, Weirdness & Mutations

You are a creature of crystalline ice.
You have a powerful freezing melee attack.
You are amphibious.
Your maximum health is increased.
Your armour is entirely melded.
You are incapable of wielding weapons or throwing items.
((You have very sharp teeth.))
Your uncanny sense of smell can sniff out nearby items.
Your experience applies equally to all skills.


Message History

The shock serpent's electric aura discharges, shocking you!
You hear a shout!
The shock serpent shoots out a bolt of lightning at you!
The bolt of electricity hits you!! The bolt of electricity hits you!
* * * LOW HITPOINT WARNING * * *
You block the anaconda's attack. The anaconda misses you.
You hit the shock serpent but do no damage.
The shock serpent is severely wounded.
The anaconda misses you. The anaconda bites you.
* * * LOW HITPOINT WARNING * * *
The shock serpent closely misses you.
Unknown command.
You hit the shock serpent.
The shock serpent seems to slow down.
You freeze the shock serpent.
The shock serpent is almost dead.
The shock serpent's electric aura discharges, shocking you!
* * * LOW HITPOINT WARNING * * *
The anaconda grabs you. The anaconda barely misses you.
The anaconda constricts you.
* * * LOW HITPOINT WARNING * * *
Jorgrun Earthshaker comes into view.
He is wielding a +0 heavy quarterstaff.
Unknown command.
Jorgrun shouts!
You pummel the shock serpent!! You freeze the shock serpent.
You kill the shock serpent!
Cheibriados thoroughly appreciates the change of pace.
The air sparks with electricity, shocking you!
* * * LOW HITPOINT WARNING * * *
The anaconda misses you. The anaconda constricts you.
* * * LOW HITPOINT WARNING * * *
You block the anaconda's attack. The anaconda constricts you.
* * * LOW HITPOINT WARNING * * *
Unknown command.
Blink to where?
Press: ? - help, Dir - move target You escape the anaconda's grasp.
As you read the scroll of blinking, it crumbles to dust.
A naga comes into view.
It is wielding a +0 flail and carrying a wand of flame (8).
The anaconda grabs you. The anaconda bites you!
You die...

.......................)
######...##.)<#####...#.
#...###### #>..## #..N###
#...# ###...# #####
####.....# # #
#....#...############# ...
##.....................
...##.....Y################
........S.# ......#.###
...# ..#.#.#.# #.g. #.#...#
.... #....### ... ##......#
.###.. #.......#
......###...#...#


You could see an anaconda and a naga (wandering).

Vanquished Creatures
  Gastronok (Lair:2)
  An orc warlord (Orc:2)
  Josephine (D:9)
  5 hydras
  2 boulder beetles
  2 two-headed ogres
  A centaur warrior (Orc:2)
  2 shock serpents (Snake:1)
  4 death yaks (Lair:4)
  Nergalle (Lair:3)
  2 skysharks
  A large abomination (Lair:5)
  A naga ritualist (Snake:1)
  4 orc knights
  Pikel (D:5)
  A cyclops (Orc:1)
  A mana viper (Snake:1)
  An ugly thing (D:10)
  4 orc sorcerers
  Maurice (D:9)
  44 elephants
  A naga mage (Snake:1)
  16 black mambas
  A gargoyle (D:10)
  12 cane toads
  A smoke demon (Lair:5)
  A rime drake (Lair:5)
  5 komodo dragons
  A freezing wraith (D:10)
  3 trolls
  4 polar bears
  A hornet (D:7)
  5 dream sheep (Lair:4)
  20 blink frogs
  Sigmund (D:5)
  A culicivora (shapeshifter) (Lair:5)
  4 wraiths
  4 wyverns
  A shadow (D:8)
  22 yaks
  A chaos spawn (Lair:5)
  3 steam dragons
  4 basilisks
  A naga (Snake:1)
  A warg (Orc:1)
  10 water moccasins
  2 ice beasts (D:7)
  31 orc warriors
  2 sky beasts
  2 black bears
  11 ogres
  24 wolves
  8 centaurs
  A lemure (D:4)
  An elf zombie (D:6)
  13 bullfrogs
  A kobold brigand (D:7)
  3 scorpions
  9 small abominations (Lair:5)
  2 gnoll sergeants
  3 water moccasin zombies (Ossuary)
  8 wights
  8 killer bees (D:9)
  An electric eel (Lair:1)
  A howler monkey (D:5)
  3 hounds
  A gnoll bouda (D:7)
  7 orc priests
  2 human skeletons (D:6)
  A sleepcap (D:5)
  9 orc wizards
  2 mummies (Ossuary)
  22 gnolls
  8 adders
  2 river rats (D:5)
  A shadow imp (D:6)
  4 white imps
  An ufetubus (D:6)
  6 adder zombies (Ossuary)
  5 worms
  2 dart slugs
  38 orcs
  8 endoplasms
  5 giant cockroaches
  5 goblins (D:2)
  7 hobgoblins
  5 jackals
  9 quokkas
  10 ball pythons
  4 bats
  7 frilled lizards
  5 gnoll zombies (Ossuary)
  5 hobgoblin zombies (Ossuary)
  7 kobolds
  5 kobold zombies (Ossuary)
  2 orc skeletons (D:6)
  6 orc zombies
  5 rats
545 creatures vanquished.

Vanquished Creatures (others)
  An orc (Orc:1)
1 creature vanquished.

Grand Total: 546 creatures vanquished

Notes
Turn   | Place    | Note
-------+----------+-------------------------------------------
     0 | D:1      | Woods the Gnoll Transmuter began the quest for the Orb.
     0 | D:1      | Reached XP level 1. HP: 17/17 MP: 6/6
   145 | D:1      | Found Ilee's Jewellery Shoppe.
   154 | D:1      | Reached XP level 2. HP: 23/23 MP: 5/7
   158 | D:1      | Learned a level 2 spell: Wereblood
   557 | D:2      | Reached skill level 5 in Spellcasting
   557 | D:2      | Reached XP level 3. HP: 28/28 MP: 6/9
   761 | D:2      | Reached skill level 1 in Invocations
   846 | D:2      | Reached skill level 1 in Short Blades
   846 | D:2      | Reached skill level 1 in Long Blades
   846 | D:2      | Reached skill level 1 in Axes
   846 | D:2      | Reached skill level 1 in Maces & Flails
   846 | D:2      | Reached skill level 1 in Polearms
   846 | D:2      | Reached skill level 1 in Staves
   846 | D:2      | Reached skill level 1 in Ranged Weapons
   846 | D:2      | Reached skill level 1 in Throwing
   846 | D:2      | Reached skill level 1 in Armour
   846 | D:2      | Reached skill level 1 in Stealth
   846 | D:2      | Reached skill level 1 in Shields
   846 | D:2      | Reached skill level 1 in Evocations
  1087 | D:2      | Found a faded altar of an unknown god.
  1096 | D:2      | Reached XP level 4. HP: 34/34 MP: 9/11
  1217 | D:3      | Learned a level 3 spell: Spider Form
  1252 | D:3      | Reached skill level 1 in Conjurations
  1252 | D:3      | Reached skill level 1 in Hexes
  1252 | D:3      | Reached skill level 1 in Summonings
  1252 | D:3      | Reached skill level 1 in Necromancy
  1252 | D:3      | Reached skill level 1 in Translocations
  1252 | D:3      | Reached skill level 1 in Fire Magic
  1252 | D:3      | Reached skill level 1 in Ice Magic
  1252 | D:3      | Reached skill level 1 in Air Magic
  1252 | D:3      | Reached skill level 1 in Earth Magic
  1252 | D:3      | Reached skill level 1 in Poison Magic
  1898 | D:3      | Found a hide-covered altar of Uskayaw.
  1906 | D:3      | Reached XP level 5. HP: 40/40 MP: 9/12
  2384 | D:4      | Found a bloodstained altar of Trog.
  2384 | D:4      | Noticed an ogre
  2387 | D:4      | Found a stormy altar of Qazlal.
  2444 | D:4      | Killed an ogre
  2490 | D:4      | Found a staircase to the Ecumenical Temple.
  2534 | Temple   | Entered the Ecumenical Temple
  2586 | Temple   | Became a worshipper of Cheibriados the Contemplative
  2681 | D:4      | Reached skill level 5 in Dodging
  2681 | D:4      | Reached XP level 6. HP: 46/47 MP: 11/14
  2776 | D:4      | Found an ancient bone altar of Kikubaaqudgha.
  2780 | D:4      | Noticed a water moccasin
  2789 | D:4      | Killed a water moccasin
  2790 | D:4      | Reached skill level 7 in Unarmed Combat
  2790 | D:4      | Reached XP level 7. HP: 35/52 MP: 12/15
  3435 | D:5      | Entered Level 5 of the Dungeon
  3439 | D:5      | Noticed Pikel
  3489 | D:5      | Killed Pikel
  3490 | D:5      | Reached XP level 8. HP: 52/60 MP: 13/16
  3706 | D:5      | Reached * piety under Cheibriados
  3820 | D:5      | Found a glowing drain.
  3834 | Sewer    | Entered a sewer
  3956 | Sewer    | Reached ** piety under Cheibriados
  4095 | Sewer    | Identified the ring of the Original Sin {*Corrode rElec
                  | Str+6 Int+3}
  4386 | D:5      | Reached skill level 5 in Transmutations
  4720 | D:5      | Noticed Sigmund
  4731 | D:5      | Killed Sigmund
  4732 | D:5      | Reached XP level 9. HP: 67/67 MP: 15/18
  4859 | D:6      | Reached *** piety under Cheibriados
  4937 | D:6      | Identified the +2 robe of Bespelled Life {rN++}
  5013 | D:6      | Reached skill level 5 in Fighting
  5138 | D:6      | Found a sand-covered staircase.
  5144 | Ossuary  | Entered an ossuary
  5309 | Ossuary  | Reached **** piety under Cheibriados
  5439 | D:6      | Reached skill level 8 in Unarmed Combat
  5668 | D:6      | Found a broken altar of Ashenzari.
  5772 | D:6      | Reached skill level 5 in Invocations
  6317 | D:7      | Noticed a two-headed ogre
  6331 | D:7      | Killed a two-headed ogre
  6641 | D:7      | Reached skill level 5 in Short Blades
  6641 | D:7      | Reached skill level 5 in Long Blades
  6641 | D:7      | Reached skill level 5 in Axes
  6641 | D:7      | Reached skill level 5 in Maces & Flails
  6641 | D:7      | Reached skill level 5 in Polearms
  6641 | D:7      | Reached skill level 5 in Staves
  6641 | D:7      | Reached skill level 5 in Ranged Weapons
  6641 | D:7      | Reached skill level 5 in Throwing
  6641 | D:7      | Reached skill level 5 in Armour
  6641 | D:7      | Reached skill level 5 in Stealth
  6641 | D:7      | Reached skill level 5 in Shields
  6641 | D:7      | Reached skill level 5 in Evocations
  6641 | D:7      | Reached XP level 10. HP: 63/76 MP: 17/20
  6789 | D:7      | Found Ulacs's Overcharged Wands.
  7859 | D:7      | Reached ***** piety under Cheibriados
  8334 | D:8      | Found a staircase to the Lair.
  8901 | D:9      | Found Wagounot's CLEARANCE SALE!.
  8905 | D:9      | Bought a scroll of identify for 10 gold pieces
  9021 | D:9      | Found a white marble altar of Elyvilon.
  9124 | D:9      | Found a staircase to the Orcish Mines.
  9742 | D:9      | Noticed Maurice
  9751 | D:9      | Reached skill level 9 in Unarmed Combat
  9848 | D:9      | Reached skill level 5 in Conjurations
  9848 | D:9      | Reached skill level 5 in Hexes
  9848 | D:9      | Reached skill level 5 in Summonings
  9848 | D:9      | Reached skill level 5 in Necromancy
  9848 | D:9      | Reached skill level 5 in Translocations
  9848 | D:9      | Reached skill level 5 in Fire Magic
  9848 | D:9      | Reached skill level 5 in Ice Magic
  9848 | D:9      | Reached skill level 5 in Air Magic
  9848 | D:9      | Reached skill level 5 in Earth Magic
  9848 | D:9      | Reached skill level 5 in Poison Magic
  9854 | D:9      | Reached XP level 11. HP: 76/83 MP: 18/22
 10128 | D:10     | Entered Level 10 of the Dungeon
 10607 | D:10     | Noticed an ogre mage
 10607 | D:10     | Noticed a green ugly thing
 10625 | D:10     | Killed a green ugly thing
 10709 | Lair:1   | Entered Level 1 of the Lair of Beasts
 10906 | Lair:1   | Noticed a skyshark
 11167 | Lair:1   | Reached ****** piety under Cheibriados
 11802 | Lair:1   | Noticed a fire crab
 12061 | Lair:2   | Noticed a boulder beetle
 12099 | Lair:2   | Killed a boulder beetle
 12181 | Lair:2   | Noticed a six-headed hydra
 12457 | Lair:1   | Reached XP level 12. HP: 43/91 MP: 24/24
 12472 | Lair:1   | Learned a level 4 spell: Ice Form
 12704 | Lair:1   | Killed a six-headed hydra
 12846 | Lair:2   | Noticed Gastronok
 13125 | Lair:2   | Killed Gastronok
 13213 | Lair:2   | Reached skill level 10 in Unarmed Combat
 14174 | Lair:2   | Found a staircase to the Shoals.
 14179 | Lair:2   | Noticed an eight-headed hydra
 14192 | Lair:2   | Killed an eight-headed hydra
 14822 | Lair:3   | Reached XP level 13. HP: 89/99 MP: 26/26
 15224 | Lair:3   | Noticed Nergalle
 15231 | Lair:3   | Killed Nergalle
 15276 | Lair:3   | Found a staircase to the Snake Pit.
 15313 | Lair:3   | Found a large runed translucent door.
 15313 | Lair:3   | Found a large runed translucent door.
 15315 | Lair:3   | Noticed Woods's ghost (journeyman DjCj)
 15665 | Lair:3   | Reached skill level 10 in Spellcasting
 16870 | Lair:4   | Reached skill level 10 in Dodging
 16870 | Lair:4   | Reached skill level 11 in Unarmed Combat
 17555 | Lair:4   | Reached XP level 14. HP: 108/108 MP: 25/28
 17605 | Lair:4   | Reached skill level 10 in Invocations
 18505 | Lair:5   | Entered Level 5 of the Lair of Beasts
 18933 | Lair:5   | Found a broken altar of Ashenzari.
 19026 | Lair:5   | Found a viscous altar of Jiyva.
 19147 | Lair:5   | Reached skill level 10 in Fighting
 19355 | Lair:5   | Found a transporter.
 19360 | Lair:5   | Noticed pkoi's ghost (journeyman DrMo)
 19636 | Lair:5   | Found a transporter.
 20313 | Orc:1    | Entered Level 1 of the Orcish Mines
 20630 | Orc:1    | Noticed Josephine
 20653 | D:9      | Killed Josephine
 21263 | D:9      | Killed Maurice
 21796 | Orc:2    | Entered Level 2 of the Orcish Mines
 21903 | Orc:2    | Found a staircase to the Elven Halls.
 21933 | Orc:2    | Reached skill level 10 in Short Blades
 21933 | Orc:2    | Reached skill level 10 in Long Blades
 21933 | Orc:2    | Reached skill level 10 in Axes
 21933 | Orc:2    | Reached skill level 10 in Maces & Flails
 21933 | Orc:2    | Reached skill level 10 in Polearms
 21933 | Orc:2    | Reached skill level 10 in Staves
 21933 | Orc:2    | Reached skill level 10 in Ranged Weapons
 21933 | Orc:2    | Reached skill level 10 in Throwing
 21933 | Orc:2    | Reached skill level 10 in Armour
 21933 | Orc:2    | Reached skill level 10 in Stealth
 21933 | Orc:2    | Reached skill level 10 in Shields
 21933 | Orc:2    | Reached skill level 10 in Evocations
 22664 | Orc:2    | Reached XP level 15. HP: 117/117 MP: 26/30
 22720 | Orc:2    | Found the +10 tower shield of Ignorance {rN+ Int-4}
 22738 | Orc:2    | Found a runed translucent door.
 22854 | Orc:2    | Found a runed translucent door.
 22890 | Orc:2    | Noticed an orc warlord
 22896 | Orc:2    | Found Meum's Antique Armour Shop.
 22896 | Orc:2    | Found Rokiqoych's Assorted Antiques.
 22896 | Orc:2    | Found Pewk's Weapon Emporium.
 22899 | Orc:2    | Found Zuaxog's Antique Weapon Boutique.
 22910 | Orc:2    | Reached skill level 12 in Unarmed Combat
 22943 | Orc:2    | Killed an orc warlord
 23781 | Orc:2    | Bought a scroll of identify for 62 gold pieces
 24226 | Snake:1  | Entered Level 1 of the Snake Pit
 24700 | Snake:1  | Noticed Jorgrun
 24701 | Snake:1  | HP: 6/140 [something (12)]
 24705 | Snake:1  | Slain by an anaconda

Illustrated notes

Levels and vault maps discovered:
D:1:      reono_arrival_forest_river, layout_rooms, serial_shops,
          nicolae_shop_hallway_plus, minmay_misc_feat_plants, minmay_hedge_maze
D:2:      layout_loops_ring, ebering_ecumenical_altar_ruins
D:3:      layout_loops_corners, nicolae_uskayaw_dance_hall
D:4:      layout_loops_ring, kennysheep_mini_moat,
          mainiacjoe_overflow_catwalk_spiral, minmay_temple_entry_antechambers
D:5:      layout_loops_corners, portal_sewer_entry_e, uniq_pikel, uniq_sigmund
D:6:      layout_basic, mainiacjoe_overflow_brackets,
          nicolae_ossuary_entry_catacombs
D:7:      layout_gridville, minivault_5, nicolae_shop_overcharged_wands
D:8:      layout_gridville, david_lair_shrubbed
D:9:      layout_basic, elyvilon_altar_1, orc_0_dummy, nicolae_shop_clearance,
          uniq_maurice
D:10:     minmay_the_grid_plus [minmay_the_grid_broken_lines,
          minmay_the_grid_armoury, minmay_the_grid_empty, minmay_the_grid_eight,
          minmay_the_grid_prize_four_corners], layout_basic, serial_curves,
          eino_curves_03, eino_curves_02
Temple:   nicolae_temple_x_marks_the_god
Lair:1:   layout_misc_corridors, serial_forest, infiniplex_forest_lined_2,
          infiniplex_forest_straight_1, infiniplex_forest_corner_1,
          infiniplex_forest_lined_corner, infiniplex_forest_lined_ring,
          infiniplex_forest_lined_3, st_stairs_3, minmay_stone_trees_small,
          nicolae_quartered_pool_medium, nicolae_lair_lakeside_cave
Lair:2:   layout_cave_pods, shoals_dummy_entry, infiniplex_staircase_pool_2,
          lemuel_fruit_tree, uniq_gastronok
Lair:3:   layout_cave_pods, minmay_snake_entry_six_corridors,
          ebering_ghost_disaster_area, uniq_nergalle
Lair:4:   layout_cave_pods, grunt_megastairs_1
Lair:5:   hellmonk_lair_end_abyssal_woods, layout_long_grid,
          minmay_slime_entry_oklob_enclosed, basic_altar,
          gammafunk_ghost_berserking_beasts
Snake:1:  layout_misc_corridors, uniq_jorgrun
Orc:1:    layout_caves, uniq_josephine
Orc:2:    st_orc_rangers, layout_diamond_mine, chequers_guarded_unrand_ignorance

Skill      XL: |  1  2  3  4  5  6  7  8  9 10 11 12 13 14 15 |
---------------+----------------------------------------------+-----
Spellcasting   | 5 6 7 8 9 10 11 | 11.5
Invocations    | 1 2 3 4 5 6 7 8 9 10 11 | 11.2
Short Blades   | 1 2 3 4 5 6 7 8 9 10 | 10.3
Long Blades    | 1 2 3 4 5 6 7 8 9 10 | 10.3
Axes           | 1 2 3 4 5 6 7 8 9 10 | 10.3
Maces & Flails | 1 2 3 4 5 6 7 8 9 10 | 10.3
Polearms       | 1 2 3 4 5 6 7 8 9 10 | 10.3
Staves         | 1 2 3 4 5 6 7 8 9 10 | 10.3
Ranged Weapons | 1 2 3 4 5 6 7 8 9 10 | 10.3
Throwing       | 1 2 3 4 5 6 7 8 9 10 | 10.3
Armour         | 1 2 3 4 5 6 7 8 9 10 | 10.3
Stealth        | 1 2 3 4 5 6 7 8 9 10 | 10.3
Shields        | 1 2 3 4 5 6 7 8 9 10 | 10.3
Evocations     | 1 2 3 4 5 6 7 8 9 10 | 10.3
Conjurations   | 1 2 3 4 5 6 7 8 |  8.7
Hexes          | 1 2 3 4 5 6 7 8 |  8.7
Summonings     | 1 2 3 4 5 6 7 8 |  8.7
Necromancy     | 1 2 3 4 5 6 7 8 |  8.7
Translocations | 1 2 3 4 5 6 7 8 |  8.7
Fire Magic     | 1 2 3 4 5 6 7 8 |  8.7
Ice Magic      | 1 2 3 4 5 6 7 8 |  8.7
Air Magic      | 1 2 3 4 5 6 7 8 |  8.7
Earth Magic    | 1 2 3 4 5 6 7 8 |  8.7
Poison Magic   | 1 2 3 4 5 6 7 8 |  8.7
Fighting       | 3 4 5 6 7 8 9 10 | 10.7
Transmutations | 4 5 6 7 8 9 |  9.5
Dodging        | 5 6 7 8 9 10 11 | 11.3
Unarmed Combat | 7 8 9 10 11 12 | 12.2

Action                     |  1- 3 |  4- 6 |  7- 9 | 10-12 | 13-15 || total
---------------------------+-------+-------+-------+-------+-------++-------
  Melee: Unarmed           |    74 |    63 |   386 |   531 |   703 ||  1757
         Kick              |    20 |     1 |       |       |       ||    21
         Headbutt          |    13 |     2 |       |       |       ||    15
         Bite              |     4 |     1 |     7 |     2 |     1 ||    15
         Punch             |     1 |       |     3 |       |     1 ||     5
   Cast: Beastly Appendage |    24 |     5 |       |       |       ||    29
         Spider Form       |       |    14 |    47 |    51 |       ||   112
         Wereblood         |       |       |     4 |     3 |     7 ||    14
         Ice Form          |       |       |       |    17 |   105 ||   122
 Invoke: Temporal Distorti |       |       |       |       |     2 ||     2
Ability: End Transformatio |       |       |     1 |     3 |     2 ||     6
    Use: Scroll            |       |       |       |    14 |    14 ||    28
   Stab: Sleeping          |     1 |     2 |    10 |     8 |     3 ||    24
         Distracted        |       |       |       |     1 |       ||     1
 Armour: Robe              |     9 |     1 |    10 |       |     2 ||    22
         Skin              |       |     2 |     9 |    43 |   172 ||   226
  Dodge: Dodged            |    41 |    55 |   288 |   547 |   741 ||  1672
  Block: Other             |       |       |    63 |   128 |   187 ||   378
         Reflection        |       |       |       |       |    23 ||    23
